 Dungeon Crawl Stone Soup version 0.28.0-47-ge53b351184 (webtiles) character file.

Game seed: 664093992528032806

2461 styxcanada the Covert (level 9, 0/45 HPs)
             Began as a Spriggan Brigand on May 9, 2022.
             Killed from afar by an electric eel (11 damage)
             ... with a bolt of electricity
             ... on level 7 of the Dungeon on May 10, 2022.
             The game lasted 00:32:34 (7085 turns).

styxcanada the Covert (Spriggan Brigand)            Turns: 7085, Time: 00:32:35

Health: 0/45       AC:  4    Str: 13    XL:     9   Next: 26%
Magic:  10/10      EV: 22    Int: 12    God:
Gold:   274        SH:  5    Dex: 21    Spells: 8/8 levels left

rFire   . . .      SeeInvis +   n - +0 hunting sling (venom)
rCold   . . .      Faith    .   (no shield)
rNeg    . . .      Spirit   .   b - +0 robe
rPois   .          Reflect  +   (helmet restricted)
rElec   .          Harm     .   c - +1 cloak
rCorr   .          Rampage  .   (gloves unavailable)
Will    +....                   (boots unavailable)
Stlth   ++++++....              s - amulet of reflection
HPRegen 0.15/turn               k - +4 ring of slaying
MPRegen 0.12/turn               z - +6 ring of strength

@: very quick
A: very small, no large weapons, unfitting armour, see invisible, speed 3
a: no special abilities


You were on level 7 of the Dungeon.
You visited 1 branch of the dungeon, and saw 7 of its levels.
You also visited: Ossuary.

You collected 294 gold pieces.
You spent 20 gold pieces at shops.

Inventory:

Hand Weapons
 a - a +2 dagger of venom
 n - a +0 hunting sling of venom (weapon)
Missiles
 d - 13 poisoned darts
 e - 2 curare-tipped darts
 h - 250 stones
 l - 6 boomerangs
 m - 94 sling bullets (quivered ammo)
Armour
 b - a +0 robe (worn)
 c - a +1 cloak (worn)
Jewellery
 f - a ring of willpower
 i - an amulet of magic regeneration
 k - a +4 ring of slaying (left hand)
 s - an amulet of reflection (around neck)
 z - a +6 ring of strength (right hand)
Wands
 r - a wand of flame (36)
Scrolls
 g - 2 scrolls of identify
 o - a scroll of amnesia
 q - a scroll of holy word
 w - a scroll of fear
 x - a scroll of enchant armour
 y - a scroll of teleportation
Potions
 j - 5 potions of curing
 p - 2 potions of magic
 t - 3 potions of flight
 u - a potion of brilliance
 v - a potion of haste


   Skills:
 + Level 3.7 Fighting
 + Level 5.0 Short Blades
 + Level 5.2(5.9) Slings
 + Level 3.3(4.3) Throwing
 * Level 6.5 Dodging
 * Level 12.5 Stealth
 * Level 5.1 Evocations


You had 8 spell levels left.
You didn't know any spells.
Your spell library contained the following spells:

 Spells                   Type           Power      Damage    Failure   Level
 Frozen Ramparts          Ice            0%         1d2       69%         3
 Animate Armour           Summ/Erth      0%         N/A       97%         4
 Ice Form                 Ice/Tmut       0%         N/A       97%         4
 Summon Ice Beast         Ice/Summ       0%         N/A       97%         4
 Blade Hands              Tmut           0%         N/A       100%        5
 Iron Shot                Conj/Erth      0%         9d1       100%        6


Dungeon Overview and Level Annotations

Branches:
Dungeon (7/15)            Ossuary (visited)
 Temple: D:4-7

Altars:
Ashenzari
Dithmenos
The Shining One

Shops:
D:3 [?(   D:6 :(


Innate Abilities, Weirdness & Mutations

You are very small and have problems with some larger weapons.
You are too small for most types of armour.
You have supernaturally acute eyesight. (SInv)
You cover ground extremely quickly. (Speed+++)


Message History

Press: ? - help, Q - select action, (/) - cycle Shift-Dir - straight line, f - steam dragon
Aim: a steam dragon (69% to hit)
You shoot a sling bullet.
The sling bullet hits the steam dragon but does no damage.
The steam dragon is poisoned.
Fire: 97 sling bullets
Press: ? - help, Q - select action, (/) - cycle Shift-Dir - straight line, f/p - steam dragon
Aim: a steam dragon (lightly wounded, very poisoned, 69% to hit)
You shoot a sling bullet. The sling bullet hits the steam dragon.
The steam dragon looks as sick as possible!
The steam dragon is moderately wounded.
Found 28 stones.
Fire: 96 sling bullets
Press: ? - help, Q - select action, (/) - cycle Shift-Dir - straight line, f/p - steam dragon
Aim: a steam dragon (severely wounded, extremely poisoned, 69% to hit)
You shoot a sling bullet. The sling bullet hits the steam dragon.
The steam dragon looks as sick as possible!
The steam dragon is severely wounded.
The steam dragon breathes steam at you. The ball of steam misses you.
You hear a shout!
You hear a loud, deep croak!
There is an escape hatch in the floor here.
A centaur zombie and an electric eel come into view.
You are engulfed in a cloud of scalding steam.
You feel a bit more experienced.
An orc comes into view. It is wielding a +0 short sword.
Fire: 95 sling bullets
Press: ? - help, Q - select action, (/) - cycle Shift-Dir - straight line, f - centaur zombie
Aim: a centaur zombie (91% to hit)
You shoot a sling bullet.
The sling bullet hits the centaur zombie.
The centaur zombie is lightly damaged.
You are engulfed in a cloud of scalding steam.
You are engulfed in a cloud of scalding steam.
The electric eel shoots out a bolt of lightning at you!
The bolt of electricity hits you!
* * * LOW HITPOINT WARNING * * *
The electric eel shoots out a bolt of lightning at you!
The bolt of electricity hits you!
You die...

##...........#...#.....#
......†.......#..#..... #
.............###.....# ≈≈
.##........(..##....###≈≈≈
.#.>..........##.......S≈.
...........§..#.§§....≈≈..
.(.(()(.(.(.....§.§..≈....
....(.....§§§§.##§..Z≈..≈≈
((........(.....@.....≈≈..
#.(.......(...$..#...((..⌠
##........##..<.##.^....≈≈
#......#<.###...##....≈..
...###..#...###.## ....≈.o
..# ..##.#.# #.. .....≈≈
.. ...... ##


You could see an electric eel and a centaur zombie.

Vanquished Creatures
  A steam dragon (D:7)
  A black bear (D:6)
  4 ogres
  A phantom (D:5)
  A gnoll sergeant (D:5)
  14 scorpions
  3 centaur zombies (Ossuary)
  A bullfrog zombie (D:5)
  A human zombie (Ossuary)
  A jelly (D:5)
  2 orc priests
  2 bullfrog skeletons
  Terence (D:2)
  7 iguanas
  3 scorpion zombies (Ossuary)
  An orc wizard (D:5)
  4 mummies
  A hound skeleton (D:4)
  6 adders
  10 gnolls
  A white imp (D:6)
  3 ufetubi
  A worm (D:2)
  2 dart slugs
  7 orcs
  8 endoplasms
  3 giant cockroaches
  3 gnoll zombies (Ossuary)
  7 hobgoblins
  7 jackals
  8 kobolds
  A quokka (D:4)
  7 ball pythons
  5 bats
  2 frilled lizards (D:3)
  4 goblins
  4 hobgoblin zombies
  3 kobold zombies (Ossuary)
  2 orc zombies
  9 rats
152 creatures vanquished.

Notes
Turn   | Place    | Note
-------+----------+-------------------------------------------
     0 | D:1      | styxcanada the Spriggan Brigand began the quest for the
                  | Orb.
     0 | D:1      | Reached XP level 1. HP: 10/10 MP: 2/2
    32 | D:1      | Reached skill level 6 in Stealth
    89 | D:1      | Reached XP level 2. HP: 10/15 MP: 3/3
  1404 | D:2      | Reached XP level 3. HP: 18/18 MP: 4/4
  1441 | D:2      | Noticed Terence
  1453 | D:2      | Killed Terence
  1454 | D:2      | Reached skill level 7 in Stealth
  1772 | D:2      | Reached XP level 4. HP: 23/23 MP: 5/5
  2407 | D:3      | Identified the +3 ring mail of the Echidna {rN+}
  2507 | D:3      | Reached skill level 8 in Stealth
  2507 | D:3      | Reached XP level 5. HP: 26/26 MP: 6/6
  2557 | D:3      | Found a shadowy altar of Dithmenos.
  2581 | D:3      | Found a faded altar of an unknown god.
  2618 | D:3      | Found Wotuvak's Antique Weapon Shoppe.
  2689 | D:3      | Found Wuokib's Magic Scroll Boutique.
  2698 | D:3      | Bought a scroll of identify for 20 gold pieces
  2822 | D:3      | Found Rihuil's Antique Armour Boutique.
  3111 | D:4      | Found a glowing golden altar of the Shining One.
  3832 | D:4      | Reached skill level 1 in Evocations
  4063 | D:5      | Entered Level 5 of the Dungeon
  4086 | D:5      | Reached XP level 6. HP: 31/31 MP: 7/7
  4164 | D:5      | Reached skill level 9 in Stealth
  4218 | D:5      | Found a sand-covered staircase.
  4230 | Ossuary  | Entered an ossuary
  4302 | Ossuary  | Reached XP level 7. HP: 24/35 MP: 8/8
  4328 | Ossuary  | Reached skill level 1 in Slings
  4629 | Ossuary  | Reached skill level 10 in Stealth
  5048 | Ossuary  | Reached XP level 8. HP: 23/40 MP: 9/9
  5245 | Ossuary  | Reached skill level 5 in Dodging
  5381 | Ossuary  | Reached skill level 11 in Stealth
  6208 | D:5      | Reached skill level 12 in Stealth
  6208 | D:5      | Reached XP level 9. HP: 44/44 MP: 10/10
  6491 | D:6      | Found Izifewegh's Antique Weapon Shoppe.
  6787 | D:6      | Found Leseelon's Book Shoppe.
  6872 | D:6      | Found a broken altar of Ashenzari.
  6910 | D:6      | Reached skill level 5 in Short Blades
  6910 | D:6      | Reached skill level 5 in Evocations
  7056 | D:7      | Reached skill level 5 in Slings
  7085 | D:7      | Killed from afar by an electric eel

Illustrated notes

Levels and vault maps discovered:
D:1:      saegor_arrival_simple_c, layout_rooms, serial_bayou_pond_d,
          minmay_misc_feat_four_crosses
D:2:      layout_basic, uniq_terence
D:3:      layout_basic, nicolae_overflow_crystal_walls, serial_shops,
          nicolae_lakefront_shop, nicolae_shop_trees,
          nicolae_shop_temple_entry_statues_fountains,
          nicolae_ecumenical_pavilion, minmay_surrounded
D:4:      layout_loops_corners, general_overflow_altar, minmay_fountain_box
D:5:      layout_loops_ring, nicolae_ossuary_entry_giza, kennysheep_cross_room
D:6:      layout_rooms, mainiacjoe_overflow_catwalk, serial_shops,
          nicolae_shop_trees, shop
D:7:      cheibrodos_helix_gallery, layout_cave_pools, temple_green,
          serial_park, serial_park_tiny_2

Skill      XL: |  1  2  3  4  5  6  7  8  9 |
---------------+----------------------------+-----
Stealth        | 6 7 8 9 10 12 | 12.5
Dodging        | 2 3 4 6 |  6.5
Fighting       | 2 3 |  3.7
Short Blades   | 3 4 5 |  5.0
Evocations     | 1 2 3 4 5 |  5.1
Throwing       | 3 |  3.3
Slings         | 2 4 5 |  5.2

Action                   |  1- 3 |  4- 6 |  7- 9 || total
-------------------------+-------+-------+-------++-------
Melee: Dagger            |    75 |   101 |   137 ||   313
       Punch             |     1 |     2 |     6 ||     9
 Fire: Hunting sling     |       |    13 |   105 ||   118
Throw: Dart              |    22 |    14 |    19 ||    55
       Stone             |       |     2 |       ||     2
Evoke: Wand              |       |       |    10 ||    10
  Use: Scroll            |       |    12 |     6 ||    18
       Potion            |       |     1 |       ||     1
 Stab: Sleeping          |    10 |    11 |    11 ||    32
Armor: Robe              |    11 |     8 |    27 ||    46
Dodge: Dodged            |    59 |    64 |   110 ||   233
Block: Other             |       |       |     5 ||     5
